 Dungeon Crawl Stone Soup version 0.16.1-5-gaa23807 (webtiles) character file.

40981 Shoikan the Warrior (level 13, -2/132 HPs)
             Began as a Minotaur Berserker on Mar 28, 2015.
             Was a High Priest of Trog.
             Slain by a death yak (12 damage)
             ... on level 7 of the Lair of Beasts.
             The game lasted 03:47:49 (23560 turns).

Shoikan the Warrior (Minotaur Berserker)           Turns: 23560, Time: 03:47:49

Health: -2/132     AC: 22    Str: 23    XL:     13   Next: 77%
Magic:  0/15       EV: 10    Int:  6    God:    Trog [*****.]
Gold:   662        SH:  8    Dex: 17    Spells: 0 memorised, 12 levels left

rFire  . . .     SeeInvis +     K - +7 mace (crush)
rCold  + + .     Clarity  .     E - +3 chain mail {rC+}
rNeg   . . .     SustAb   .     B - +2 buckler {AC+3}
rPois  +         Gourm    .     (helmet restricted)
rElec  .         Spirit   +     i - +1 cloak
rCorr  .         Warding  .     (no gloves)
rMut   .         Stasis   .     (no boots)
MR     .....                    t - amulet "Trocwam" {Spirit rC+ SInv}
Stlth  ..........               Z - +5 ring of dexterity
                                S - ring of poison resistance

@: about to teleport, not resistant to hostile enchantments, extremely
unstealthy
A: retaliatory headbutt, horns 2
a: Burn Spellbooks, Berserk, Trog's Hand, Brothers in Arms, Renounce Religion


You were on level 7 of the Lair of Beasts.
You worshipped Trog.
Trog was extremely pleased with you.
You were not hungry.

You visited 3 branches of the dungeon, and saw 19 of its levels.

You collected 922 gold pieces.
You spent 260 gold pieces at shops.

Inventory:

Hand weapons
 f - a +1 dagger of freezing
 z - a +4 antimagic great mace
 K - a +7 mace of crushing (weapon)
Armour
 i - a +1 cloak (worn)
 B - a +2 buckler of protection (worn)
 E - a +3 chain mail of cold resistance (worn)
 H - a +1 ring mail of fire resistance
Jewellery
 t - the amulet "Trocwam" (around neck) {Spirit rC+ SInv}
   (You found it on level 4 of the Dungeon)

   [amulet of guardian spirit]

   It causes incoming damage to be split between your health and magic.
   It protects you from cold.
   It enhances your eyesight.
 y - a +2 ring of strength
 O - an uncursed ring of protection from cold
 S - a ring of poison resistance (left hand)
 Z - a +5 ring of dexterity (right hand)
Magical devices
 j - a wand of confusion (12)
 n - a wand of lightning (1)
 q - a wand of hasting (2)
 D - a wand of teleportation (3)
 V - a wand of slowing (27)
 Y - a wand of fire (5)
Scrolls
 h - 5 scrolls of recharging
 l - 8 scrolls of teleportation
 m - a scroll of silence {unknown}
 p - 2 scrolls of fog
 v - 4 scrolls of enchant weapon
 G - a scroll of noise {unknown}
 J - 2 scrolls of remove curse
 L - 3 scrolls of enchant armour
 M - a scroll of blinking
 P - a scroll of acquirement {unknown}
 Q - 2 scrolls of fear
Potions
 g - 2 potions of restore abilities
 k - 3 potions of curing
 u - 2 potions of resistance
 A - 2 potions of poison {unknown}
 I - 3 potions of agility
 N - 6 potions of haste
 R - a potion of ambrosia {unknown}
 T - a potion of flight {unknown}
Books
 w - a book of Geomancy

   Spells                             Type                      Level
   a - Sandblast                      Earth                        1
   b - Stoneskin                      Transmutation/Earth          2
   c - Passwall                       Transmutation/Earth          3
   d - Stone Arrow                    Conjuration/Earth            3
   e - Petrify                        Transmutation/Earth          4
   f - Lee's Rapid Deconstruction     Earth                        5
   Trog disapproves of the use of such an item.
Miscellaneous
 a - a stone of tremors
 e - a crystal ball of energy
Comestibles
 b - 9 meat rations
 c - 14 bread rations
 d - 8 fruits
 o - 5 poisonous chunks of flesh
 r - 2 slices of pizza
 C - 10 beef jerkies


   Skills:
 * Level 17.2 Fighting
 - Level 12.0 Maces & Flails
 + Level 16.1 Armour
 - Level 2.1 Dodging
 + Level 7.4 Shields
 - Level 5.0 Evocations


You had 12 spell levels left.
You didn't know any spells.

Dungeon Overview and Level Annotations

Branches:
Dungeon (10/15)            Temple (1/1) D:6            Lair (8/8) D:10
  Swamp (0/5) Lair:3       Spider (0/5) Lair:5
  Slime: Lair:6-8       Orc: D:9-12

Altars:
Ashenzari
Cheibriados
Dithmenos
Elyvilon
Fedhas
Gozag
Kikubaaqudgha
Makhleb
Nemelex Xobeh
Okawaru
Qazlal
Ru
Sif Muna
Trog
Vehumet
Xom
Yredelemnul
Zin
The Shining One

Shops:
D:8 =


Innate Abilities, Weirdness & Mutations

You reflexively headbutt those who attack you in melee.
You have a pair of horns on your head.


Message History

You hit the death yak!
The death yak is lightly wounded.
The death yak gores you. You block the death yak's attack.
You hit the death yak but do no damage.
The death yak is lightly wounded.
You block the death yak's attack. The death yak gores you!
* * * LOW HITPOINT WARNING * * *
The death yak gores you but does no damage.
You hit the death yak.
The death yak is lightly wounded.
The death yak gores you!
* * * LOW HITPOINT WARNING * * *
The death yak gores you!
* * * LOW HITPOINT WARNING * * *
The death yak closely misses you. You block the death yak's attack.
As you read the scroll of teleportation, it crumbles to dust.
You feel strangely unstable.
The death yak gores you but does no damage.
The death yak gores you!
You die...

.P#
##....#.......#
.##
#..........###
P# #...........#
.P
##...........##
P##
#P.P#.........#
..
##.............#
#P........<....#
#......Y......##
#......Y@Y....#
#.......Y=....#
#.............#
##............#
###..........##
#....P.......#
##..P......###
..........##
##..........##


You could see 4 death yaks.

Vanquished Creatures
  Maud (Lair:3)
  7 hydras
  Erica (Lair:5)
  5 death yaks
  Nergalle (Lair:4)
  A swamp dragon (Lair:5)
  Pikel (D:4)
  A griffon (Lair:7)
  3 black mambas
  5 elephants (Lair:7)
  Joseph (D:7)
  11 spiny frogs
  A queen ant (Lair:6)
  2 torpor snails (Lair:5)
  5 komodo dragons
  A jumping spider (Lair:5)
  3 polar bears
  Grinder (D:6)
  3 basilisks
  21 blink frogs
  A two-headed ogre (D:10)
  A redback (Lair:5)
  16 yaks
  Eustachio (D:5)
  16 wolves (Lair:4)
  5 soldier ants (Lair:6)
  5 hippogriffs
  Edmund (D:6)
  A hungry ghost (D:7)
  9 water moccasins
  8 porcupines
  4 black bears (Lair:2)
  2 spiders (Lair:5)
  A slave (D:4)
  5 sky beasts
  6 centaurs
  7 ogres
  7 orc warriors
  14 crocodiles
  2 ice beasts
  A big kobold (D:8)
  23 giant frogs
  4 scorpions
  3 killer bees (D:9)
  3 wights (D:7)
  A goliath beetle (D:9)
  7 jellies (D:9)
  A centaur zombie (D:9)
  3 crimson imps
  A giant frog zombie (D:8)
  A giant frog skeleton (D:8)
  9 orc priests
  A centaur skeleton (D:7)
  18 hounds
  3 orc wizards
  4 iguanas
  29 worker ants
  12 sheep
  Jessica (D:3)
  3 killer bee zombies
  A mummy (D:10)
  A worker ant zombie (D:6)
  3 gnolls (D:7)
  38 river rats
  4 shadow imps
  23 adders
  3 giant mites
  A worm (D:3)
  40 orcs
  A bat skeleton (D:5)
  7 giant cockroaches
  13 hobgoblins
  8 jackals
  22 kobolds
  11 quokkas
  3 ball pythons
  21 bats
  5 giant geckos
  A giant gecko zombie (D:9)
  8 giant newts
  11 goblins
  2 jackal skeletons
  A quokka skeleton (D:5)
  16 rats
  2 spectral orcs (Lair:4)
  2 ballistomycetes (D:9)
  2 bushes (D:9)
  6 fungi
  9 plants
580 creatures vanquished.

Vanquished Creatures (others)
  A shadow imp (D:9)
  A giant spore (D:9)
  A butterfly (Lair:5)
  2 fungi
5 creatures vanquished.

Grand Total: 585 creatures vanquished

Notes
Turn   | Place    | Note
--------------------------------------------------------------
     0 | D:1      | Shoikan, the Minotaur Berserker, began the quest for the Orb.
     0 | D:1      | Reached XP level 1. HP: 19/19 MP: 1/1
    88 | D:1      | Reached skill level 4 in Maces & Flails
   101 | D:1      | Reached XP level 2. HP: 6/26 MP: 1/1
   749 | D:1      | Acquired Trog's second power
  1323 | D:2      | Reached skill level 5 in Maces & Flails
  1394 | D:2      | Reached XP level 3. HP: 11/31 MP: 2/2
  2212 | D:3      | Noticed Jessica
  2215 | D:3      | Reached XP level 4. HP: 39/39 MP: 2/2
  2221 | D:3      | Killed Jessica
  2221 | D:3      | Reached skill level 6 in Maces & Flails
  2291 | D:3      | Found a snail-covered altar of Cheibriados.
  2367 | D:3      | Reached skill level 7 in Maces & Flails
  2367 | D:3      | Reached XP level 5. HP: 45/45 MP: 2/2
  2396 | D:3      | Acquired Trog's third power
  2615 | D:5      | Entered Level 5 of the Dungeon
  3242 | D:4      | Reached skill level 8 in Maces & Flails
  3242 | D:4      | Reached XP level 6. HP: 34/51 MP: 3/3
  3290 | D:4      | Got a transparent zirconium amulet
  3843 | D:4      | Noticed Pikel
  3843 | D:4      | Noticed a slave
  3843 | D:4      | Noticed a slave
  3843 | D:4      | Noticed a slave
  3843 | D:4      | Noticed a slave
  3851 | D:4      | Killed a slave
  3866 | D:4      | Killed Pikel
  3866 | D:4      | Reached skill level 10 in Maces & Flails
  3866 | D:4      | Reached XP level 7. HP: 57/57 MP: 3/3
  4048 | D:4      | Found a deep blue altar of Sif Muna.
  4292 | D:5      | Found a blossoming altar of Fedhas.
  4337 | D:5      | Found a sparkling altar of Nemelex Xobeh.
  4513 | D:5      | Noticed Eustachio
  4518 | D:5      | Noticed a sky beast
  4541 | D:5      | Killed Eustachio
  4541 | D:5      | Reached XP level 8. HP: 48/66 MP: 3/3
  4542 | D:5      | Killed a sky beast
  4542 | D:5      | Reached skill level 11 in Maces & Flails
  4595 | D:5      | Noticed a sky beast
  4604 | D:5      | Killed a sky beast
  4604 | D:5      | Reached skill level 5 in Armour
  5151 | D:7      | Noticed Joseph
  5169 | D:6      | Identified the amulet "Trocwam" {Spirit rC+ SInv} (You found it on level 4 of the Dungeon)
  5177 | D:6      | Found a shadowy altar of Dithmenos.
  5186 | D:6      | Noticed Edmund
  5196 | D:6      | Killed Edmund
  5217 | D:6      | Reached skill level 5 in Fighting
  5795 | D:6      | Found a staircase to the Ecumenical Temple.
  5820 | Temple   | Entered the Ecumenical Temple
  6028 | D:6      | Noticed Grinder
  6042 | D:6      | Killed Grinder
  6050 | D:6      | Reached XP level 9. HP: 75/75 MP: 2/4
  6283 | D:7      | Killed Joseph
  6798 | D:7      | Reached skill level 12 in Maces & Flails
  7459 | D:8      | Found Waidof's Jewellery Emporium.
  7637 | D:8      | Bought an uncursed ring of poison resistance for 260 gold pieces
  8119 | D:8      | Reached skill level 10 in Armour
  8418 | D:8      | Reached XP level 10. HP: 81/90 MP: 4/4
  9466 | D:9      | Found a white marble altar of Elyvilon.
  9481 | D:9      | Found an opulent altar of Gozag.
  9481 | D:9      | Found an iron altar of Okawaru.
  9844 | D:9      | Reached skill level 10 in Fighting
 10060 | D:9      | Received a gift from Trog
 10266 | D:10     | Entered Level 10 of the Dungeon
 10376 | D:10     | Found a staircase to the Lair.
 10385 | Lair:1   | Entered Level 1 of the Lair of Beasts
 11203 | Lair:1   | Found an ancient bone altar of Kikubaaqudgha.
 11243 | Lair:1   | Reached XP level 11. HP: 100/102 MP: 0/4
 11350 | Lair:1   | Received a gift from Trog
 12580 | Lair:1   | Was placed under penance by Trog
 12582 | Lair:1   | Learned a level 1 spell: Sandblast
 13121 | Lair:2   | Reached skill level 13 in Armour
 13143 | Lair:2   | Was forgiven by Trog
 14542 | Lair:3   | Noticed a seven-headed hydra
 14553 | Lair:3   | Killed a seven-headed hydra
 14632 | Lair:3   | Reached skill level 14 in Armour
 14725 | Lair:3   | Reached skill level 1 in Evocations
 15154 | Lair:3   | Found a staircase to the Swamp.
 15442 | Lair:3   | Noticed a five-headed hydra
 15453 | Lair:3   | Killed a five-headed hydra
 15453 | Lair:3   | Reached XP level 12. HP: 30/116 MP: 7/10
 15926 | Lair:3   | Noticed Maud
 15943 | Lair:3   | Killed Maud
 16215 | Lair:3   | Received a gift from Trog
 16549 | Lair:3   | Noticed an eight-headed hydra
 16567 | Lair:3   | Killed an eight-headed hydra
 18271 | Lair:4   | Reached skill level 15 in Armour
 18271 | Lair:4   | Reached skill level 1 in Shields
 18321 | Lair:4   | Reached skill level 15 in Fighting
 18321 | Lair:4   | Reached skill level 5 in Evocations
 18468 | Lair:4   | Noticed Nergalle
 18498 | Lair:4   | Killed Nergalle
 19194 | Lair:5   | Received a gift from Trog
 19632 | Lair:5   | Reached XP level 13. HP: 111/127 MP: 15/15
 19812 | Lair:5   | Noticed Erica
 19826 | Lair:5   | Killed Erica
 20041 | Lair:5   | Found a hole to the Spider Nest.
 20192 | Lair:6   | Reached skill level 16 in Fighting
 20201 | Lair:6   | Reached skill level 5 in Shields
 20349 | Lair:5   | Received a gift from Trog
 20615 | Lair:6   | Noticed a six-headed hydra
 20626 | Lair:6   | Killed a six-headed hydra
 20742 | Lair:6   | Found a staircase to the Slime Pits.
 21881 | Lair:8   | Entered Level 8 of the Lair of Beasts
 22173 | Lair:8   | Received a gift from Trog
 22632 | Lair:7   | Reached skill level 17 in Fighting
 23560 | Lair:7   | Slain by a death yak

Action                   |  1- 3 |  4- 6 |  7- 9 | 10-12 | 13-15 || total
-------------------------+-------+-------+-------+-------+-------++-------
Melee: Mace              |   112 |     9 |       |    51 |   469 ||   641
       Flail             |       |   133 |   305 |   713 |       ||  1151
       Great mace        |       |       |       |   245 |       ||   245
       Unarmed           |       |       |       |    25 |       ||    25
Throw: Stone             |     4 |       |       |       |       ||     4
Invok: Berserk           |       |     3 |     3 |     6 |     1 ||    13
       Trog's Hand       |       |       |     2 |     4 |     2 ||     8
       Burn Spellbooks   |       |       |       |     2 |     2 ||     4
  Use: Scroll            |       |     6 |     5 |    14 |     5 ||    30
       Potion            |       |       |     2 |     2 |       ||     4
  Eat: Chunk             |     4 |     6 |    16 |    31 |    13 ||    70
       Meat ration       |       |     1 |       |       |       ||     1
       Bread ration      |       |       |       |     1 |       ||     1
       Pizza             |       |       |       |     2 |     1 ||     3
       Royal jelly       |       |       |       |     2 |       ||     2
